 Dungeon Crawl Stone Soup version 0.31-a0-1-g4198be8af4 (webtiles) character file.

Game seed: 11021196790657667022

2047 jasper the Carver (level 9, -2/69 HPs)
             Began as a Demonspawn Cinder Acolyte on May 1, 2023.
             Was a Believer of Ignis.
             Slain by an orc warrior
             ... wielding a +0 mace
              (5 damage)
             ... on level 7 of the Dungeon.
             The game lasted 00:09:59 (5660 turns).

jasper the Carver (Demonspawn Cinder Acolyte)       Turns: 5660, Time: 00:10:00

Health: -2/69      AC: 16    Str: 14    XL:     9   Next: 4%
Magic:  10/10      EV: 10    Int: 16    God:    Ignis [**....]
Gold:   149        SH:  0    Dex: 13    Spells: 10/10 levels left

rFire   + . .        a - -1 falchion (flame)
rCold   + . .        (no shield)
rNeg    + . .        u - +0 scale mail
rPois   .            (no helmet)
rElec   .            K - +0 cloak
rCorr   .            (gloves unavailable)
SInv    .            (no boots)
Will    .....        s - amulet of regeneration Stlth
                     w - ring of protection from cold
HPRegen 1.11/turn    y - ring of positive energy
MPRegen 0.12/turn

%: no passive effects
@: fiery-armoured
A: claws 3, rugged brown scales 2
a: Renounce Religion, Fiery Armour, Foxfire Swarm, Rising Flame


You were on level 7 of the Dungeon.
You worshipped Ignis.
Ignis was pleased with you.
You visited 1 branch of the dungeon, and saw 7 of its levels.

You collected 899 gold pieces.
You spent 750 gold pieces at shops.

Inventory:

Hand Weapons
 a - a -1 falchion of flaming (weapon)
Missiles
 d - 44 stones (quivered)
 p - 3 javelins
 q - 7 poisoned darts
 I - a throwing net
Armour
 b - a +0 robe
 i - a +1 leather armour
 u - a +0 scale mail (worn)
 K - a +0 cloak (worn)
Jewellery
 r - a ring of wizardry
 s - an amulet of regeneration (around neck)
 w - a ring of protection from cold (left claw)
 y - a ring of positive energy (right claw)
 C - a +6 ring of intelligence
 E - a ring of protection from cold
 H - an amulet of magic regeneration
Wands
 h - a wand of paralysis (10)
Scrolls
 e - 2 scrolls of noise
 j - 2 scrolls of teleportation
 m - a scroll of fog
 o - a scroll of fear
 v - 2 scrolls of immolation
 A - a scroll of enchant armour
 D - a scroll of magic mapping {unknown}
 F - 2 scrolls of blinking {unknown}
 G - a scroll of amnesia {unknown}
 J - 2 scrolls of identify
Potions
 c - 4 potions of degeneration
 f - 3 potions of invisibility
 g - a potion of haste
 k - 2 potions of curing
 l - a potion of attraction {unknown}
 n - a potion of heal wounds {unknown}
 t - a potion of resistance {unknown}
 x - a potion of berserk rage {unknown}
 z - 2 potions of might {unknown}
 B - a potion of brilliance {unknown}


   Skills:
 - Level 4.3 Fighting
 * Level 10.0 Long Blades
 - Level 2.5 Armour
 - Level 2.6 Dodging
 - Level 1.0 Spellcasting
 - Level 2.6 Fire Magic


You had 10 spell levels left.
You didn't know any spells.
Your spell library contained the following spells:

 Spells                   Type           Power      Damage    Failure   Level
 Scorch                   Fire           18%        2d6       43%         2
 Magic Dart               Conj           0%         1d3       67%         1
 Sandblast                Erth           0%         2d4       67%         1
 Call Imp                 Summ           0%         N/A       82%         2
 Passwall                 Tmut/Erth      0%         N/A       82%         2
 Searing Ray              Conj           0%         2d4       82%         2
 Sublimation of Blood     Necr           0%         N/A       82%         2
 Frozen Ramparts          Ice            0%         1d1       96%         3
 Mephitic Cloud           Conj/Pois/Air  0%         N/A       96%         3
 Stone Arrow              Conj/Erth      0%         3d7       96%         3
 Fulminant Prism          Conj/Hex       0%         3d5       100%        4
 Ice Form                 Ice/Tmut       0%         N/A       100%        4
 Summon Ice Beast         Ice/Summ       0%         N/A       100%        4
 Haunt                    Necr/Summ      0%         N/A       100%        7


Dungeon Overview and Level Annotations

Branches:
Dungeon (7/15)             Temple (0/1) D:7

Altars:

Shops:
D:5 =(?[   D:6 [


Innate Abilities, Weirdness & Mutations

You have claws for hands.
You are mostly covered in rugged brown scales. (AC +2, +5% HP)


Message History

You hit the orc warrior but do no damage.
The orc warrior is heavily wounded.
The orc warrior hits you with a +0 mace!
You take 8 damage, and have 23/69 hp.
A protective cloak of flame settles atop you.
The orc warrior hits you with a +0 mace.
You take 2 damage, and have 21/69 hp.
You hit the orc warrior but do no damage.
The orc warrior is heavily wounded.
The orc warrior hits you with a +0 mace!
* * * LOW HITPOINT WARNING * * *
The orc warrior is burned by your cloak of flames.
The orc warrior is severely wounded.
You take 7 damage, and have 14/69 hp.
You hit the orc warrior. You burn the orc warrior.
The orc warrior is severely wounded.
The orc warrior hits you but does no damage.
The orc warrior is burned by your cloak of flames.
The orc warrior is almost dead.
You hit the orc warrior but do no damage.
The orc warrior is almost dead.
The orc warrior barely misses you.
You hit the orc warrior but do no damage.
The orc warrior is almost dead.
You closely miss the orc warrior.
The orc warrior is almost dead.
The orc warrior hits you with a +0 mace.
* * * LOW HITPOINT WARNING * * *
You take 3 damage, and have 14/69 hp.
You hit the orc warrior but do no damage.
The orc warrior is almost dead.
The orc warrior hits you with a +0 mace!
* * * LOW HITPOINT WARNING * * *
The orc warrior is burned by your cloak of flames.
The orc warrior is almost dead.
You take 11 damage, and have 3/69 hp.
You barely miss the orc warrior.
The orc warrior is almost dead.
The orc warrior hits you with a +0 mace.
You die...

.# #.# #># ...# ..# ....
#.# #..# #.#######.#
#..# #.{o@.....######..#
.....o####=.......#..#
..............###.#..# #
......####.#.........#.#
... .......##.#.##....
.. #########...####.# #
#.>.# #.# #...# #.#
#.#.# #.#


You could see an orc warrior and an orc wizard.

Vanquished Creatures
  An orc warrior (D:7)
  A black bear (D:6)
  4 centaurs
  3 phantoms
  2 scorpions
  6 killer bees (D:6)
  A howler monkey (D:3)
  A jelly (D:5)
  3 hounds
  Crazy Yiuf (D:6)
  A gnoll bouda (D:6)
  2 orc priests
  2 iguanas
  13 orc wizards
  9 gnolls
  6 adders
  2 white imps (D:6)
  An ufetubus (D:5)
  3 worms
  A dart slug (D:3)
  14 orcs
  5 ball pythons
  8 bats
  7 endoplasms
  4 giant cockroaches
  7 goblins
  13 hobgoblins
  6 jackals
  8 frilled lizards
  4 kobolds
  6 rats
145 creatures vanquished.

Vanquished Creatures (others)
  An orc wizard (D:6)
  15 plants (D:5)
16 creatures vanquished.

Grand Total: 161 creatures vanquished

Notes
Turn   | Place    | Note
-------+----------+-------------------------------------------
     0 | D:1      | jasper the Demonspawn Cinder Acolyte began the quest for
                  | the Orb.
     0 | D:1      | Reached XP level 1. HP: 18/18 MP: 2/2
   161 | D:1      | Gained mutation: You are partially covered in rugged brown
                  | scales. (AC +1, +3% HP) [demonic ancestry]
   161 | D:1      | Reached XP level 2. HP: 10/24 MP: 3/3
   165 | D:1      | Reached skill level 3 in Long Blades
   354 | D:1      | Found a faded altar of an unknown god.
   722 | D:1      | Gained mutation: You are mostly covered in rugged brown
                  | scales. (AC +2, +5% HP) [demonic ancestry]
   722 | D:1      | Reached XP level 3. HP: 22/30 MP: 4/4
   880 | D:2      | Reached skill level 1 in Armour
   880 | D:2      | Reached skill level 1 in Dodging
  1431 | D:2      | Gained mutation: You have sharp fingernails. [demonic
                  | ancestry]
  1431 | D:2      | Reached XP level 4. HP: 33/36 MP: 5/5
  2059 | D:3      | Noticed a scorpion
  2071 | D:3      | Reached skill level 4 in Long Blades
  2071 | D:3      | Reached XP level 5. HP: 39/43 MP: 6/6
  2282 | D:3      | Noticed a phantom
  2301 | D:3      | Killed a phantom
  2302 | D:3      | Gained mutation: You have very sharp fingernails. [demonic
                  | ancestry]
  2302 | D:3      | Reached XP level 6. HP: 36/50 MP: 7/7
  2521 | D:4      | Reached skill level 5 in Long Blades
  2744 | D:4      | You fall into a shaft and drop 1 floor!
  2744 | D:5      | Entered Level 5 of the Dungeon
  2765 | D:5      | Gained mutation: You have claws for hands. [demonic
                  | ancestry]
  2765 | D:5      | Reached XP level 7. HP: 52/57 MP: 8/8
  3244 | D:4      | Identified a scroll of acquirement
  3244 | D:4      | Acquired 536 gold pieces
  3306 | D:5      | Found a transporter.
  3315 | D:5      | Found Qymey's Magic Scroll Emporium.
  3334 | D:5      | HP: 1/57 [orc wizard/+0 dagger (3)]
  3361 | D:5      | Reached skill level 6 in Long Blades
  3737 | D:5      | Found Kafism's Jewellery Shop.
  3749 | D:5      | Bought an amulet of regeneration for 450 gold pieces
  3749 | D:5      | Bought a ring of positive energy for 300 gold pieces
  4000 | D:5      | Found Jimnyosu's Weapon Shoppe.
  4000 | D:5      | Noticed a +0 lajatang
  4000 | D:5      | Noticed a +0 great mace
  4125 | D:5      | Found Lovif's Antique Armour Emporium.
  4184 | D:5      | Reached skill level 7 in Long Blades
  4254 | D:5      | Found a transporter.
  4300 | D:6      | Got the Enchiridion on Zombies
  4359 | D:6      | Found Ibikhuhy's Antique Armour Boutique.
  4540 | D:6      | Reached XP level 8. HP: 50/64 MP: 9/9
  4715 | D:6      | Reached skill level 8 in Long Blades
  4760 | D:6      | Reached skill level 9 in Long Blades
  4859 | D:6      | Found a runed translucent door.
  4860 | D:6      | Noticed Crazy Yiuf
  5453 | D:6      | Killed Crazy Yiuf
  5533 | D:7      | Reached XP level 9. HP: 50/69 MP: 10/10
  5591 | D:7      | Found a staircase to the Ecumenical Temple.
  5624 | D:7      | Reached skill level 10 in Long Blades
  5659 | D:7      | HP: 3/69 [orc warrior/+0 mace (12)]
  5660 | D:7      | Slain by an orc warrior

Illustrated notes

Levels and vault maps discovered:
D:1:      evilmike_arrival_crescent, layout_rooms,
          shapermc_ecumenical_altar_mp_highgroup
D:2:      layout_loops_ring, nicolae_figureground_sparkle
D:3:      layout_rooms, minmay_randomly_rotated_circles
D:4:      layout_cave_pools, ldierk_geyser, dk_noncrumbling_3,
          serial_bayou_crossing
D:5:      layout_loops_cross, serial_shops, nicolae_shop_mannequins,
          nicolae_shop_temple_entry_statues_fountains, nicolae_shop_drivethru,
          nicolae_shop_overgrown_old_shop, serial_bayou_lake_a
D:6:      minmay_flawed_box, layout_basic, serial_shops, shop,
          uniq_crazy_yiuf_cottage
D:7:      layout_loops_ring, minmay_temple_entry_butterflies,
          gammafunk_ghost_nasty_kobolds, minmay_starry_boxes

Skill      XL: |  1  2  3  4  5  6  7  8  9 |
---------------+----------------------------+-----
Long Blades    | 3 4 5 7 9 10 | 10.0
Armour         | 1 2 |  2.5
Dodging        | 1 2 |  2.6
Fighting       | 4 |  4.3
Spellcasting   | |  1.0
Fire Magic     | |  2.6

Action                     |  1- 3 |  4- 6 |  7- 9 || total
---------------------------+-------+-------+-------++-------
  Melee: Falchion          |   186 |   133 |   373 ||   692
         Punch             |     2 |       |     3 ||     5
  Throw: Stone             |    10 |     6 |       ||    16
         Dart              |       |     7 |       ||     7
 Invoke: Fiery Armour      |       |     3 |     5 ||     8
    Use: Scroll            |     5 |     2 |     2 ||     9
         Potion            |       |     2 |     1 ||     3
   Stab: Invisible         |       |     1 |       ||     1
 Armour: Robe              |    30 |       |       ||    30
         Leather armour    |    34 |    21 |       ||    55
         Scale mail        |       |    39 |   227 ||   266
  Dodge: Dodged            |   132 |    62 |   194 ||   388

Table legend: (Time is in decaauts)
 A = Elapsed time spent in this place.
 B = Non-inter-level travel time spent in this place.
 C = Inter-level travel time spent in this place.
 D = Time resting spent in this place.
 E = Time spent auto-exploring this place.
 F = Levels seen in this place.
 G = Mean time per level.
                   A        B        C        D        E       F      G
               +--------+--------+--------+--------+--------+-----+--------+
         Total |   5706 |   5494 |    212 |    155 |   3815 |   7 |  815.1 |
       Dungeon |   5706 |   5494 |    212 |    155 |   3815 |   7 |  815.1 |
               +--------+--------+--------+--------+--------+-----+--------+

Top non-repeatable levels by time:
     D:5: 1123 daAuts
     D:6: 1115 daAuts
     D:1: 877 daAuts
     D:2: 877 daAuts
     D:4: 864 daAuts
     D:3: 685 daAuts
     D:7: 163 daAuts
